 Dungeon Crawl Stone Soup version 0.13.1-28-g3517093 (console) character file.

766 Revolution the Chopper (level 7, -3/90 HPs)
             Began as a Centaur Berserker on Mar 3, 2014.
             Was a Priest of Trog.
             Slain by a phantom (8 damage)
             ... on Level 5 of the Dungeon.
             The game lasted 00:09:40 (1504 turns).

Revolution the Chopper (Centaur Berserker)          Turns: 1504, Time: 00:09:41

HP  -3/90        AC  4     Str 25      XL: 7   Next: 23%
MP   4/4         EV  9     Int  8      God: Trog [***...]
Gold 139         SH  0     Dex  8      Spells:  0 memorised,  6 levels left

Res.Fire  : . . .   See Invis. : .   a - +0 hand axe {=f}
Res.Cold  : . . .   Warding    : .   b - +0 animal skin
Life Prot.: . . .   Conserve   : .   (no shield)
Res.Poison: .       Res.Corr.  : .   (no helmet)
Res.Elec. : .       Clarity    : .   (no cloak)
Sust.Abil.: . .     Spirit.Shd : .   (no gloves)
Res.Mut.  : .       Stasis     : .   (no barding)
Res.Rott. : .       Flight     : .   (no amulet)
Saprovore : . . .                    (no ring)
                                     (no ring)

@: regenerating, berserking, very quick, very resistant to hostile enchantments,
extremely unstealthy
A: hooves 3, deformed body, herbivore 1, speed 2, fast metabolism 1, tough skin
3
a: Burn Spellbooks, Berserk, Trog's Hand, Renounce Religion


You were on level 5 of the Dungeon.
You worshipped Trog.
Trog was most pleased with you.
You were very hungry.

You visited 1 branch of the dungeon, and saw 5 of its levels.
You also visited: Sewer.

You collected 119 gold pieces.

Inventory:

Hand weapons
 a - a +0,+0 hand axe (weapon) {=f}
 d - a +1,+0 dagger of flaming (quivered)
 i - a +0 blowgun
 n - a +0,+0 hand axe
 u - a +2 blowgun
 z - a +0,+2 orcish dagger of distortion
Missiles
 v - 5 curare-tipped needles
Armour
 b - a +0 animal skin (worn)
 j - a +0 orcish chain mail
Comestibles
 c - 2 bread rations
Scrolls
 e - 5 scrolls of identify {unknown}
 f - a scroll of amnesia {unknown}
 g - 2 scrolls of fear {unknown}
 h - 3 scrolls of magic mapping {unknown}
 k - a scroll of enchant weapon I {unknown}
 m - a scroll of noise {unknown}
 t - a scroll of blinking {unknown}
 w - a scroll of teleportation {unknown}
 y - a scroll of remove curse {unknown}
Jewellery
 o - an uncursed ring of protection from magic {unknown}
Potions
 l - a potion of speed {unknown}
 p - 2 potions of heal wounds {unknown}
 q - a potion of flight {unknown}
 r - a potion of brilliance {unknown}
 s - a potion of might {unknown}
 x - a potion of magic {unknown}


   Skills:
 + Level 4.8 Fighting
 * Level 5.2 Axes
 * Level 3.7 Armour
 - Level 1.3 Dodging


You had 6 spell levels left.
You didn't know any spells.

Dungeon Overview and Level Annotations

Branches:
Dungeon (5/27)
 Temple: D:4-7

Altars:
Ashenzari


Innate Abilities, Weirdness & Mutations

You have hooves in place of feet.
Armour fits poorly on your strangely shaped body.
You digest meat inefficiently.
You cover ground very quickly.
You have a fast metabolism.
You have extremely tough skin (AC +3).


Message History

You feel a wave of unholy energy pass over you.
Use which ability? (? or * to list)
Your skin crawls.
You feel resistant to hostile enchantments.
You feel slightly more hungry. The phantom barely misses you.
You miss the phantom.
You feel less exhausted. The phantom hits you.
* * * LOW HITPOINT WARNING * * *
The phantom blinks!
Use which ability? (? or * to list)
A red film seems to cover your vision as you go berserk!
You feel yourself moving faster!
You feel mighty!
You are feeling very hungry.
The orc priest calls down the wrath of Beogh upon you.
Something smites you!
* * * LOW HITPOINT WARNING * * *
The orc wizard hits you but does no damage.
The phantom hits you!
You die...

#..#..#.......+.........
#.#....#...o#.#.........
#.#.....##.o..##.......#
#............. ##.....##
##....#..... ##...##
####.###.###.# #+#
#.....o...# #####.#####
#.p@o.....# #.###.###%#
#.# #.# #.# ... #.# .#..
#.# . .## #.### ## #..
###


You could see a phantom, an orc priest and an orc wizard.

Vanquished Creatures
  2 ogres
  2 big kobolds (Sewer)
  A hound (D:5)
  An orc priest (D:3)
  A giant frog zombie (D:5)
  An orc wizard (D:3)
  A scorpion (D:4)
  5 adders
  3 gnolls (D:2)
  3 green rats
  A giant mite (D:3)
  2 worms
  2 grey rats
  A giant gecko (D:3)
  An ooze (Sewer)
  6 orcs
  2 hobgoblins
  3 jackals (D:5)
  5 ball pythons
  6 bats
  2 giant cockroaches
  A giant newt (D:2)
  5 goblins
  11 kobolds
  9 rats
77 creatures vanquished.

Notes
Turn   | Place    | Note
--------------------------------------------------------------
     0 | D:1      | Revolution, the Centaur Berserker, began the quest for the Orb.
     0 | D:1      | Reached XP level 1. HP: 19/19 MP: 0/0
    97 | D:1      | Reached XP level 2. HP: 17/26 MP: 1/1
   174 | D:1      | Acquired Trog's second power
   195 | D:1      | You fall through a shaft!
   201 | D:2      | Reached XP level 3. HP: 21/33 MP: 2/2
   265 | D:3      | Reached XP level 4. HP: 39/39 MP: 2/2
   407 | D:4      | Reached skill level 4 in Axes
   407 | D:4      | Reached XP level 5. HP: 18/46 MP: 3/3
   544 | D:3      | Found a shattered altar of Ashenzari.
   853 | D:3      | Found a glowing drain.
   882 | Sewer    | Entered a sewer
   980 | Sewer    | Reached XP level 6. HP: 38/53 MP: 4/4
  1268 | D:3      | Noticed an ogre
  1282 | D:3      | Killed an ogre
  1309 | D:5      | Entered Level 5 of the Dungeon
  1378 | D:5      | Reached skill level 5 in Axes
  1380 | D:5      | HP: 3/79 [ogre/giant club (6)]
  1382 | D:5      | Reached XP level 7. HP: 4/60 MP: 4/4
  1388 | D:5      | HP: 3/60 [jackal (2)]
  1504 | D:5      | Slain by a phantom

Action                   |  1- 3 |  4- 6 |  7- 9 || total
-------------------------+-------+-------+-------++-------
Melee: Hand axe          |    37 |   187 |    27 ||   251
Invok: Berserk           |     2 |     4 |     2 ||     8
       Trog's Hand       |     1 |     4 |     2 ||     7
